 Dungeon Crawl Stone Soup version 0.31-a0-532-g28f74ba3e5 (webtiles) character file.

Game seed: 18239885161684055873

5072 bobarctor the Trooper (level 10, -4/74 HPs)
             Began as a Demonspawn Fighter on Aug 12, 2023.
             Was an Initiate of Dithmenos.
             Slain by a wight
             ... wielding a +4 mace
              (7 damage)
             ... on level 8 of the Dungeon on Aug 13, 2023.
             The game lasted 00:52:04 (12790 turns).

bobarctor the Trooper (Demonspawn Fighter)         Turns: 12790, Time: 00:52:05

Health: -4/74      AC:  2    Str: 18    XL:     10   Next: 31%
Magic:  0/16       EV: 12    Int: 11    God:    Dithmenos [......]
Gold:   95         SH:  9    Dex: 12    Spells: 6/17 levels left

rFire   + . .        w - +2 hand axe (venom)
rCold   . . .        c - +0 buckler
rNeg    + . .        p - +0 robe {rN+}
rPois   .            (no helmet)
rElec   .            (no cloak)
rCorr   .            (gloves unavailable)
SInv    .            (no boots)
Will    .....        D - amulet of the acrobat
Stlth   ++           H - ring of protection from fire
HPRegen 0.32/turn    L - ring of wizardry
MPRegen 0.30/turn

%: acrobat, guardian spirit, wizardry (x1)
@: mighty
A: large bone plates 1, demonic guardian 1, magic shield, magic regeneration,
demonic touch 3, clumsy 1
a: Renounce Religion


You were on level 8 of the Dungeon.
You worshipped Dithmenos.
Dithmenos was noncommittal.
You visited 2 branches of the dungeon, and saw 9 of its levels.

You collected 515 gold pieces.
You spent 420 gold pieces at shops.

Inventory:

Hand Weapons
 w - a +2 hand axe of venom (weapon)
 y - a +2 flail of draining
 A - a +0 sling
 O - a +2 flail of protection
Missiles
 l - 13 boomerangs (quivered)
 n - 6 atropa-tipped darts
 s - 4 javelins
 I - 6 curare-tipped darts
 N - 2 throwing nets
 S - 6 poisoned darts
Armour
 b - a +0 scale mail
 c - a +0 buckler (worn)
 f - a +0 leather armour
 p - a +0 robe of positive energy (worn)
Jewellery
 v - a ring of see invisible
 D - an amulet of the acrobat (around neck)
 H - a ring of protection from fire (left hand)
 L - a ring of wizardry (right hand)
 P - a ring of flight
Wands
 a - a wand of quicksilver (8)
 t - a wand of digging (12)
 E - a wand of mindburst (15)
 G - a wand of flame (20)
 U - a wand of charming (4)
 V - a wand of polymorph (9)
Scrolls
 e - 4 scrolls of identify
 g - a scroll of fog {unknown}
 i - a scroll of enchant armour {unknown}
 j - 4 scrolls of blinking {unknown}
 o - a scroll of fear
 q - a scroll of silence {unknown}
 r - 2 scrolls of enchant weapon {unknown}
 u - a scroll of immolation {unknown}
 C - 2 scrolls of noise {unknown}
 J - 4 scrolls of teleportation
 K - a scroll of revelation {unknown}
Potions
 d - a potion of might
 h - a potion of curing
 k - 2 potions of heal wounds
 m - a potion of berserk rage
 x - 2 potions of haste
 z - 2 potions of enlightenment
 B - a potion of invisibility
 M - a potion of magic


   Skills:
 + Level 5.4 Fighting
 + Level 5.3 Maces & Flails
 + Level 1.1 Throwing
 + Level 4.4 Armour
 + Level 3.6 Dodging
 + Level 2.1 Stealth
 + Level 4.8 Shields
 * Level 4.1 Spellcasting
 * Level 4.8 Conjurations
 * Level 4.1 Necromancy
 * Level 2.7 Translocations
 * Level 4.4 Air Magic
 * Level 4.2 Poison Magic


You had 6 spell levels left.
You knew the following spells:

 Your Spells              Type           Power      Damage    Failure   Level
a - Mephitic Cloud        Conj/Pois/Air  12%        N/A       6%          3
b - Poisonous Vapours     Pois/Air       22%        N/A       3%          2
c - Swiftness             Air            12%        N/A       6%          3
d - Magic Dart            Conj           48%        1d5       1%          1
e - Blink                 Tloc           16%        N/A       6%          2

Your spell library contained the following spells:

 Spells                   Type           Power      Damage    Failure   Level
 Apportation              Tloc           16%        N/A       4%          1
 Hailstorm                Conj/Ice       7%         3d4       13%         3
 Call Imp                 Summ           4%         N/A       17%         2
 Ensorcelled Hibernation  Hex/Ice        4%         N/A       17%         2
 Passwall                 Tmut/Erth      1%         N/A       17%         2
 Manifold Assault         Tloc           8%         N/A       34%         4
 Freezing Cloud           Conj/Ice/Air   4%         6-21      63%         5
 Summon Ice Beast         Ice/Summ       2%         N/A       71%         4
 Alistair's Intoxication  Tmut/Pois      4%         N/A       77%         5
 Simulacrum               Ice/Necr       3%         N/A       99%         6


Dungeon Overview and Level Annotations

Branches:
Dungeon (8/15)             Temple (1/1) D:7
   Lair: D:8-11

Altars:
Ashenzari
Cheibriados
Dithmenos
Fedhas
Gozag
Hepliaklqana
Kikubaaqudgha
Makhleb
Nemelex Xobeh
Okawaru
Qazlal
Ru
Sif Muna
Trog
Uskayaw
Vehumet
Wu Jian
Xom
Yredelemnul

Shops:
D:1 (   D:8 ?(==

Annotations:
D:3 1 runed translucent door, redkitty's ghost, amateur DrIE
D:4 2 runed translucent doors, Zonian's ghost, amateur OpSh


Innate Abilities, Weirdness & Mutations

You are partially covered in large bone plates. (SH +4)
A weak demonic guardian rushes to your aid.
When hurt, damage is shared between your health and your magic reserves.
You regenerate magic rapidly.
Your touch may irresistibly damage your foes and sap their willpower.
You are clumsy. (Dex -2)


Message History

The vampire mosquito bites you.
You miss the vampire mosquito.
The vampire mosquito is moderately damaged.
The vampire mosquito closely misses you.
The vampire mosquito bites you!
The vampire mosquito draws strength from your injuries!
The vampire mosquito bites you!
The vampire mosquito draws strength from your injuries!
Casting: Magic Dart (safe; 1% risk of failure)
Confirm with . or Enter, or press ? or * to list all spells.
Okay, then.
You feel very mighty all of a sudden.
The vampire mosquito bites you but does no damage.
The vampire mosquito bites you!
The vampire mosquito draws strength from your injuries!
You slash the vampire mosquito!
The vampire mosquito is severely damaged.
The vampire mosquito closely misses you.
The vampire mosquito bites you!
* * * LOW HITPOINT WARNING * * *
The vampire mosquito draws strength from your injuries!
You slash the vampire mosquito!
The vampire mosquito is almost destroyed.
The vampire mosquito bites you!
* * * LOW HITPOINT WARNING * * *
The vampire mosquito draws strength from your injuries!
You block the vampire mosquito's attack.
You slash the vampire mosquito!
You destroy the vampire mosquito!
Dithmenos accepts your kill. The wight hits you with a +4 mace.
* * * LOW HITPOINT WARNING * * *
A demonic guardian appears!
You slash the wight!
The wight is almost destroyed.
The wight hits you with a +4 mace!
* * * LOW HITPOINT WARNING * * *
Your white imp misses the wight.
The wight attacks as you move away! The wight hits you with a +4 mace!
You die...

#.##......#
#........##
######.### #.# #.#
#.# #.# ##.######
#..z@...#
###.5####.########
..... #..........#
#
###....#.#.######.#
# #....).#.# #.# #
#........# #.# #
#).....### #.# #
###..### #.# ....
#.#


You could see a wight (ally target) and a friendly white imp (summoned).

Vanquished Creatures
  2 deep elf pyromancers (D:8)
  2 yaks
  A vampire mosquito (D:8)
  A steam dragon (D:8)
  Menkaure (D:7)
  2 water moccasins
  An orc warrior (D:7)
  A sky beast (D:8)
  A black bear (D:6)
  An ogre (D:6)
  2 phantoms
  A kobold brigand (D:6)
  Blork the orc (D:5)
  A bullfrog (Temple)
  2 scorpions
  18 wights
  13 killer bees
  A howler monkey (D:8)
  2 hounds
  2 gnoll boudas
  5 orc priests
  3 jellies
  Terence (D:2)
  3 iguanas
  5 orc wizards
  4 adders
  14 gnolls
  3 worms
  A dart slug (D:5)
  25 orcs
  6 ball pythons
  9 bats
  5 endoplasms
  2 giant cockroaches
  A goblin (D:2)
  8 hobgoblins
  3 jackals (D:3)
  8 kobolds
  3 quokkas
  3 frilled lizards (D:1)
  4 rats
172 creatures vanquished.

Vanquished Creatures (collateral kills)
  A black bear (D:6)
  A wight (D:7)
  A sleepcap (D:5)
  An orc (D:7)
4 creatures vanquished.

Grand Total: 176 creatures vanquished

Notes
Turn   | Place    | Note
-------+----------+-------------------------------------------
     0 | D:1      | bobarctor the Demonspawn Fighter began the quest for the
                  | Orb.
     0 | D:1      | Reached XP level 1. HP: 18/18 MP: 1/1
   183 | D:1      | Found a faded altar of an unknown god.
   424 | D:1      | Gained mutation: You are partially covered in large bone
                  | plates. (SH +4) [demonic ancestry]
   424 | D:1      | Reached XP level 2. HP: 23/24 MP: 2/2
  1001 | D:1      | Found Tuymops's Weapon Shop.
  1266 | D:2      | Gained mutation: You regenerate magic rapidly. [demonic
                  | ancestry]
  1266 | D:2      | Reached XP level 3. HP: 29/29 MP: 3/3
  1374 | D:2      | Noticed Terence
  1383 | D:2      | Killed Terence
  1690 | D:2      | Gained mutation: Your touch may inflict minor irresistible
                  | damage on your foes. [demonic ancestry]
  1690 | D:2      | Reached XP level 4. HP: 35/35 MP: 4/4
  1879 | D:3      | Noticed redkitty's ghost (amateur DrIE)
  1879 | D:3      | Found a runed translucent door.
  2319 | D:3      | Learned a level 3 spell: Mephitic Cloud
  2452 | D:3      | Gained mutation: Your touch may inflict irresistible damage
                  | on your foes. [demonic ancestry]
  2452 | D:3      | Reached XP level 5. HP: 42/42 MP: 5/5
  2993 | D:4      | Noticed a phantom
  3006 | D:4      | Noticed a water moccasin
  3008 | D:4      | Killed a phantom
  3009 | D:4      | Reached skill level 1 in Conjurations
  3009 | D:4      | Gained mutation: A weak demonic guardian rushes to your
                  | aid. [demonic ancestry]
  3009 | D:4      | Reached XP level 6. HP: 42/48 MP: 6/6
  3029 | D:4      | Killed a water moccasin
  3204 | D:4      | Found a snail-covered altar of Cheibriados.
  3204 | D:4      | Found a hazy altar of Hepliaklqana.
  3204 | D:4      | Found a sacrificial altar of Ru.
  3286 | D:4      | Reached skill level 1 in Spellcasting
  3390 | D:4      | Found a large runed translucent door.
  3391 | D:4      | Found a large runed translucent door.
  3393 | D:4      | Noticed Zonian's ghost (amateur OpSh)
  3701 | D:5      | Entered Level 5 of the Dungeon
  3706 | D:5      | Noticed Blork the orc
  3718 | D:5      | Killed Blork the orc
  3719 | D:5      | Reached skill level 1 in Dodging
  3719 | D:5      | Reached skill level 1 in Poison Magic
  3830 | D:5      | You fall into a shaft and drop 2 floors!
  3870 | D:6      | Reached skill level 1 in Air Magic
  3870 | D:6      | Gained mutation: Your touch may irresistibly damage your
                  | foes and sap their willpower. [demonic ancestry]
  3870 | D:6      | Reached XP level 7. HP: 49/53 MP: 9/9
  4033 | D:6      | Learned a level 2 spell: Poisonous Vapours
  4037 | D:6      | Learned a level 3 spell: Swiftness
  4209 | D:6      | Learned a level 1 spell: Magic Dart
  5057 | D:5      | Gained mutation: When hurt, damage is shared between your
                  | health and your magic reserves. [demonic ancestry]
  5057 | D:5      | Reached XP level 8. HP: 60/60 MP: 11/11
  5690 | D:6      | Reached skill level 5 in Maces & Flails
  5847 | D:5      | Learned a level 2 spell: Blink
  6375 | D:6      | Reached skill level 1 in Necromancy
  6772 | D:6      | Reached skill level 1 in Translocations
  7197 | D:6      | Reached XP level 9. HP: 32/65 MP: 10/12
  7765 | D:6      | Reached skill level 1 in Throwing
  8440 | D:7      | Noticed Menkaure
  8453 | D:7      | Found a staircase to the Ecumenical Temple.
  8473 | D:7      | Killed Menkaure
  8716 | Temple   | Entered the Ecumenical Temple
  8759 | Temple   | Became a worshipper of Dithmenos the Shadowed
  8798 | D:7      | Reached skill level 1 in Stealth
  9423 | Temple   | HP: 3/67 [poisoned by a killer bee]
  9423 | Temple   | HP: 1/67 [killer bee (2)]
 10322 | D:8      | Reached skill level 5 in Fighting
 11034 | D:8      | Found Tyenuen's Weapon Shoppe.
 11080 | D:8      | Found Aneqoriz's Jewellery Shoppe.
 11254 | D:8      | Bought a ring of wizardry for 300 gold pieces
 11335 | D:8      | Found Xuwiro's Magic Scroll Shoppe.
 11344 | D:8      | Bought a scroll of identify for 24 gold pieces
 11344 | D:8      | Bought a scroll of teleportation for 36 gold pieces
 11344 | D:8      | Bought a scroll of identify for 24 gold pieces
 11344 | D:8      | Bought a scroll of teleportation for 36 gold pieces
 11352 | D:8      | Gained mutation: You are clumsy. (Dex -2) [potion of
                  | mutation]
 11369 | D:8      | Noticed a catoblepas
 11393 | D:8      | Noticed a deep elf pyromancer
 12090 | D:8      | Found an ornate altar of the Wu Jian Council.
 12092 | D:8      | Found Tucuplur's Jewellery Shop.
 12381 | D:8      | Reached XP level 10. HP: 33/68 MP: 12/15
 12628 | D:8      | Noticed a deep elf pyromancer
 12646 | D:8      | Killed a deep elf pyromancer
 12656 | D:8      | Killed a deep elf pyromancer
 12675 | D:8      | Noticed a manticore
 12789 | D:8      | HP: 3/74 [wight/+4 mace (9)]
 12790 | D:8      | Slain by a wight

Illustrated notes

Levels and vault maps discovered:
D:1:      minmay_arrival_checkered_box, layout_basic, serial_shops, shop,
          basic_ecumenical_altar
D:2:      minmay_chambers_of_ones, layout_rooms, serial_forest,
          infiniplex_forest_clump_medium, infiniplex_forest_end_1,
          infiniplex_forest_straight_3, infiniplex_forest_clump_cross,
          infiniplex_forest_clump_C, infiniplex_forest_straight_1,
          infiniplex_forest_lined_room_2, minmay_cut_off, uniq_terence
D:3:      layout_basic, gammafunk_ghost_grave, st_stairs_7, corner_web_ring
D:4:      layout_loops_ring, gammafunk_temple_overflow_claw,
          ebering_ghost_disaster_area
D:5:      layout_loops_corners, minmay_gold_behind_fungi, nrook_campfire,
          uniq_blork_the_orc
D:6:      layout_loops_ring, amethyst_killhole
D:7:      layout_cave_pools, minmay_temple_entry_stoned_glass, uniq_menkaure
D:8:      layout_loops_corners, nzn_wu_jian_contemplation, serial_shops, shop,
          shop, nicolae_stop_n_shop_2, nicolae_stop_n_shop_2, minmay_evil_grid
Temple:   eino_narrow_crystal_temple

Skill      XL: |  1  2  3  4  5  6  7  8  9 10 |
---------------+-------------------------------+-----
Shields        | 3 4 |  4.8
Maces & Flails | 2 3 4 5 |  5.3
Armour         | 3 4 |  4.4
Conjurations   | 1 2 3 4 |  4.8
Spellcasting   | 1 2 3 4 |  4.1
Dodging        | 1 2 3 |  3.6
Poison Magic   | 1 2 3 4 |  4.2
Air Magic      | 1 2 4 |  4.4
Fighting       | 4 5 |  5.4
Necromancy     | 1 3 4 |  4.1
Translocations | 1 2 |  2.7
Throwing       | 1 |  1.1
Stealth        | 2 |  2.1

Action                     |  1- 3 |  4- 6 |  7- 9 | 10-12 || total
---------------------------+-------+-------+-------+-------++-------
  Melee: Flail             |   109 |   139 |   239 |       ||   487
         Hand axe          |       |    16 |   256 |    35 ||   307
  Throw: Boomerang         |     9 |     2 |     5 |       ||    16
   Cast: Magic Dart        |       |       |    25 |     1 ||    26
         Mephitic Cloud    |       |       |    12 |     3 ||    15
         Poisonous Vapours |       |       |     3 |     2 ||     5
         Blink             |       |       |     2 |       ||     2
    Use: Potion            |       |     1 |     8 |     1 ||    10
         Scroll            |       |       |     9 |       ||     9
   Stab: Distracted        |       |       |     1 |       ||     1
         Sleeping          |       |       |     1 |       ||     1
 Armour: Scale mail        |    49 |       |    34 |       ||    83
         Chain mail        |     4 |    96 |       |       ||   100
         Robe              |       |       |    25 |     2 ||    27
         Skin              |       |       |     9 |       ||     9
         Leather armour    |       |       |     3 |       ||     3
  Dodge: Dodged            |    46 |    47 |   299 |    15 ||   407
  Block: Buckler           |    54 |    78 |   256 |    10 ||   398

Table legend: (Time is in decaauts)
 A = Elapsed time spent in this place.
 B = Non-inter-level travel time spent in this place.
 C = Inter-level travel time spent in this place.
 D = Time resting spent in this place.
 E = Time spent auto-exploring this place.
 F = Levels seen in this place.
 G = Mean time per level.
                   A        B        C        D        E       F      G
               +--------+--------+--------+--------+--------+-----+--------+
         Total |  12994 |  12687 |    307 |   5203 |   4878 |   9 | 1443.8 |
       Dungeon |  12007 |  11714 |    293 |   4311 |   4878 |   8 | 1500.9 |
        Temple |    987 |    973 |     14 |    892 |      0 |   1 |  987.0 |
               +--------+--------+--------+--------+--------+-----+--------+

Top non-repeatable levels by time:
     D:7: 2466 daAuts
     D:5: 2321 daAuts
     D:6: 1973 daAuts
     D:8: 1460 daAuts
     D:1: 1206 daAuts
  Temple: 987 daAuts
     D:3: 976 daAuts
     D:4: 829 daAuts
     D:2: 773 daAuts
